 Dungeon Crawl Stone Soup version 0.28.0-53-g5a82cb258f (webtiles) character file.

Game seed: 2214624248896101451

1707 Peloso the Carver (level 8, 0/71 HPs)
             Began as a Minotaur Fighter on July 11, 2022.
             Succumbed to an adder's poison
             ... on level 5 of the Dungeon.
             The game lasted 00:08:13 (3977 turns).

Peloso the Carver (Minotaur Fighter)                Turns: 3977, Time: 00:08:14

Health: 0/71       AC: 14    Str: 21    XL:     8   Next: 73%
Magic:  7/7        EV:  5    Int:  5    God:
Gold:   157        SH:  9    Dex: 12    Spells: 7/7 levels left

rFire   . . .      SeeInvis .   a - +1 long sword
rCold   . . .      Faith    .   h - +0 kite shield
rNeg    . . .      Spirit   .   q - +0 plate armour
rPois   .          Reflect  .   (helmet restricted)
rElec   .          Harm     .   (no cloak)
rCorr   +          Rampage  .   (no gloves)
Will    .....                   o - +0 pair of boots
Stlth   ..........              (no amulet)
HPRegen 0.21/turn               r - +4 ring of slaying
MPRegen 0.10/turn               k - ring of resist corrosion

@: lethally poisoned (0 -> -3)
A: horns 2, retaliatory headbutt, inability to read while threatened
a: no special abilities


You were on level 5 of the Dungeon.
You visited 1 branch of the dungeon, and saw 5 of its levels.

You collected 157 gold pieces.

Inventory:

Hand Weapons
 a - a +1 long sword (weapon)
Armour
 c - a +0 buckler
 h - a +0 kite shield (worn)
 o - a +0 pair of boots (worn)
 p - a +0 chain mail
 q - a +0 plate armour (worn)
Magical Staves
 b - a staff of fire
Jewellery
 g - a +4 ring of evasion
 k - a ring of resist corrosion (right hand)
 r - a +4 ring of slaying (left hand)
Wands
 l - a wand of iceblast (4)
Scrolls
 e - a scroll of identify
 f - a scroll of enchant weapon
 j - 2 scrolls of fog
Potions
 d - a potion of might
 i - a potion of flight {unknown}
 m - a potion of mutation
 n - a potion of ambrosia {unknown}
 t - a potion of brilliance {unknown}


   Skills:
 + Level 6.4 Fighting
 + Level 9.3 Long Blades
 + Level 7.9 Armour
 + Level 1.1 Dodging
 + Level 0.1 Stealth
 + Level 5.6 Shields


You had 7 spell levels left.
You didn't know any spells.
Your spell library contained the following spells:

 Spells                   Type           Power      Damage    Failure   Level
 Summon Small Mammal      Summ           0%         N/A       100%        1
 Call Canine Familiar     Summ           0%         N/A       100%        3
 Summon Guardian Golem    Hex/Summ       0%         N/A       100%        3


Dungeon Overview and Level Annotations

Branches:
Dungeon (5/15)
 Temple: D:4-7

Altars:
Fedhas
Zin

Annotations:
D:5 Duvessa


Innate Abilities, Weirdness & Mutations

You have a pair of horns on your head.
You reflexively headbutt those who attack you in melee.
You sometimes lose the ability to read scrolls when taking damage.


Message History

The yak gores you but does no damage.
You hit the yak.
The yak is almost dead.
The yak gores you but does no damage.
You slash the yak!
You kill the yak!
A scorpion comes into view.
Okay, then.
Okay, then.
You closely miss the yak. You headbutt the yak!
The yak is moderately wounded.
The yak gores you but does no damage.
You slash the yak! Your headbutt misses the yak.
The yak is heavily wounded.
You block the yak's attack.
You hit the yak but do no damage. You headbutt the yak!
The yak is almost dead.
You block the yak's attack.
Duvessa, Sister of Dowan comes into view.
She is wielding a +5 rapier of electrocution.
An adder comes into view.
You hear the slow rusting of a drain very nearby.
The adder hisses angrily.
The yak gores you!
* * * LOW HITPOINT WARNING * * *
The yak gores you.
* * * LOW HITPOINT WARNING * * *
Okay, then.
The adder bites you.
* * * LOW HITPOINT WARNING * * *
The adder bites you.
* * * LOW HITPOINT WARNING * * *
You are lethally poisoned!
The adder poisons you!
* * * LOW HITPOINT WARNING * * *
You feel sick. You block the yak's attack.
* * * LOW HITPOINT WARNING * * *
You feel sick.
It was a potion of mutation.
You feel extremely strange.
You lose the ability to read scrolls when threatened.
You die...

## # #.# ##.###.# ## #..#...#
###.### ###......#
##.....##.###.....# #####
#.......(.........# #.#..
#.....##.......@S## ##)#..
###.<...........Y.#########)))..
#.......≈≈≈.......YYY.........##
###.#..≈≈≈≈≈.....s.........#####
###..≈≈_≈≈..................##
#..≈≈.≈≈.................##.
#..≈≈.≈≈.#..#.............##
#..≈≈.≈≈.##.#...............
#..≈...≈.#..................


You could see 4 yaks, a scorpion and an adder.

Vanquished Creatures
  A yak (D:5)
  Eustachio (D:5)
  A steam dragon (D:4)
  Menkaure (D:5)
  A black bear (D:4)
  2 necrophages (D:4)
  2 ogres
  A phantom (D:5)
  A scorpion (D:4)
  A water moccasin skeleton (D:4)
  5 wights (D:5)
  A howler monkey (D:5)
  A hound (D:5)
  2 orc priests (D:4)
  A centaur skeleton (D:4)
  An iguana (D:5)
  An orc wizard (D:4)
  A scorpion zombie (D:5)
  5 adders
  A dart slug (D:3)
  2 worms (D:2)
  8 orcs
  6 endoplasms
  4 giant cockroaches
  7 goblins
  4 hobgoblins
  3 jackals (D:4)
  5 quokkas
  10 ball pythons
  5 bats
  3 frilled lizards
  7 kobolds
  2 rats
97 creatures vanquished.

Notes
Turn   | Place    | Note
-------+----------+-------------------------------------------
     0 | D:1      | Peloso the Minotaur Fighter began the quest for the Orb.
     0 | D:1      | Reached XP level 1. HP: 19/19 MP: 0/0
   444 | D:1      | Reached XP level 2. HP: 27/27 MP: 1/1
  1130 | D:2      | Found a blossoming altar of Fedhas.
  1226 | D:2      | Reached XP level 3. HP: 29/33 MP: 2/2
  2247 | D:3      | Reached XP level 4. HP: 41/41 MP: 3/3
  2550 | D:4      | Reached skill level 3 in Long Blades
  2720 | D:4      | Noticed a steam dragon
  2728 | D:4      | Killed a steam dragon
  2729 | D:4      | Reached skill level 4 in Long Blades
  2729 | D:4      | Reached skill level 5 in Armour
  2729 | D:4      | Reached XP level 5. HP: 46/47 MP: 4/4
  2763 | D:4      | Reached XP level 6. HP: 51/55 MP: 5/5
  2836 | D:4      | Reached skill level 5 in Fighting
  2836 | D:4      | Reached skill level 5 in Long Blades
  2836 | D:4      | Reached skill level 1 in Dodging
  3238 | D:4      | Reached skill level 6 in Long Blades
  3238 | D:4      | Reached XP level 7. HP: 48/61 MP: 6/6
  3408 | D:4      | Reached skill level 5 in Shields
  3460 | D:4      | Reached skill level 7 in Long Blades
  3814 | D:5      | Entered Level 5 of the Dungeon
  3814 | D:5      | Found a glowing silver altar of Zin.
  3844 | D:5      | Noticed Menkaure
  3849 | D:5      | Killed Menkaure
  3850 | D:5      | Reached XP level 8. HP: 65/70 MP: 7/7
  3858 | D:5      | Noticed Eustachio
  3904 | D:5      | Reached skill level 8 in Long Blades
  3919 | D:5      | Killed Eustachio
  3929 | D:5      | Reached skill level 9 in Long Blades
  3957 | D:5      | Noticed Duvessa
  3974 | D:5      | HP: 3/71 [adder (4)]
  3976 | D:5      | HP: 1/71 [poisoned by an adder]
  3977 | D:5      | Gained mutation: You sometimes lose the ability to read
                  | scrolls when taking damage. [potion of mutation]
  3977 | D:5      | Succumbed to an adder's poison

Illustrated notes

Levels and vault maps discovered:
D:1:      sevenhm_arrival_forest_fort_small_5, layout_basic,
          minmay_indecisive_spiral
D:2:      layout_basic, basic_altar
D:3:      layout_loops_ring, kennysheep_potato
D:4:      minmay_evil_eye, layout_basic
D:5:      layout_cave_pools, mainiacjoe_overflow_catwalk,
          gup_sewer_entry_spiral, st_stairs_5, uniq_menkaure, uniq_duvessa,
          uniq_eustachio

Skill      XL: |  1  2  3  4  5  6  7  8 |
---------------+-------------------------+-----
Fighting       | 4 5 6 |  6.4
Armour         | 4 5 6 7 |  7.9
Shields        | 4 5 |  5.6
Long Blades    | 4 6 7 9 |  9.3
Dodging        | 1 |  1.1
Stealth        | |  0.1

Action                   |  1- 3 |  4- 6 |  7- 9 || total
-------------------------+-------+-------+-------++-------
Melee: Long sword        |    96 |    75 |    65 ||   236
       Headbutt          |    13 |    16 |    20 ||    49
       Staff             |     7 |       |       ||     7
  Use: Scroll            |     1 |     4 |     2 ||     7
       Potion            |       |       |     1 ||     1
Armor: Scale mail        |    50 |       |       ||    50
       Chain mail        |     1 |     1 |       ||     2
       Plate armour      |       |    61 |    20 ||    81
Dodge: Dodged            |    60 |    19 |    10 ||    89
Block: Buckler           |    28 |    21 |     4 ||    53
       Kite shield       |       |       |    19 ||    19
